 Dungeon Crawl Stone Soup version 0.30.1-11-g7821555f0a (webtiles) character file.

Game seed: 9943521210364462720

1059 Gumption the Jinx (level 8, -8/36 HPs)
             Began as a Spriggan Enchanter on Nov 13, 2023.
             Was an Initiate of Dithmenos.
             Killed from afar by Dowan (16 damage)
             ... with a bolt of light
             ... on level 5 of the Dungeon.
             The game lasted 01:01:21 (7852 turns).

Gumption the Jinx (Spriggan Enchanter)              Turns: 7852, Time: 01:01:22

Health: -8/36      AC:  2    Str:  4    XL:     8   Next: 6%
Magic:  18/18      EV: 17    Int: 19    God:    Dithmenos [......]
Gold:   255        SH:  0    Dex: 15    Spells: 9/20 levels left

rFire   . . .        a - +2 dagger (venom)
rCold   . . .        (no shield)
rNeg    . . .        b - +0 robe
rPois   .            (helmet restricted)
rElec   .            (no cloak)
rCorr   .            (gloves unavailable)
SInv    +            (boots unavailable)
Will    +....        (no amulet)
Stlth   ++++         (no ring)
HPRegen 0.26/turn    (no ring)
MPRegen 0.16/turn

%: no passive effects
@: studying Spellcasting, very quick
A: very small, no large weapons, unfitting armour, see invisible, speed 3
a: Renounce Religion


You were on level 5 of the Dungeon.
You worshipped Dithmenos.
Dithmenos was noncommittal.
You visited 2 branches of the dungeon, and saw 6 of its levels.

You collected 255 gold pieces.

Inventory:

Hand Weapons
 a - a +2 dagger of venom (weapon)
 v - a +1 dagger
Missiles
 l - 2 throwing nets
 m - 6 poisoned darts (quivered)
 x - 2 curare-tipped darts
Armour
 b - a +0 robe (worn)
Scrolls
 f - a scroll of torment {unknown}
 k - 2 scrolls of teleportation
 n - a scroll of magic mapping {unknown}
 o - a scroll of immolation {unknown}
 p - a scroll of fog
 q - 4 scrolls of vulnerability
 r - a scroll of amnesia {unknown}
 t - a scroll of fear {unknown}
 u - a scroll of acquirement {unknown}
 w - a scroll of enchant armour {unknown}
Potions
 c - 2 potions of invisibility
 d - 4 potions of curing
 e - 3 potions of mutation
 g - a potion of magic {unknown}
 h - a potion of ambrosia {unknown}
 i - a potion of attraction {unknown}
 j - 2 potions of lignification {unknown}
 s - a potion of haste {unknown}
 z - 2 potions of flight {unknown}


   Skills:
 - Level 1.1 Short Blades
 - Level 2.6 Dodging
 + Level 8.0 Stealth
 + Level 6.5 Spellcasting
 * Level 8.2 Hexes
 - Level 3.0 Ice Magic


You had 9 spell levels left.
You knew the following spells:

 Your Spells              Type           Power      Damage    Failure   Level
a - Ensorcelled Hibernat  Hex/Ice        54%        N/A       1%          2
b - Confusing Touch       Hex            37%        N/A       1%          3
c - Dazzling Flash        Conj/Hex       42%        N/A       6%          3
d - Tukima's Dance        Hex            37%        N/A       1%          3

Your spell library contained the following spells:

 Spells                   Type           Power      Damage    Failure   Level
 Beastly Appendage        Tmut           12%        N/A       11%         1
 Sublimation of Blood     Necr           6%         N/A       16%         2
 Wereblood                Tmut           6%         N/A       16%         2
 Spider Form              Tmut/Pois      6%         N/A       32%         3
 Summon Hydra             Summ           3%         N/A       100%        7


Dungeon Overview and Level Annotations

Branches:
Dungeon (5/15)             Temple (1/1) D:5

Altars:
Ashenzari
Cheibriados
Dithmenos
Elyvilon
Fedhas
Gozag
Hepliaklqana
Kikubaaqudgha
Makhleb
Qazlal
Trog
Uskayaw
Vehumet
Wu Jian
Xom
Yredelemnul
Zin
The Shining One

Shops:
D:2 (

Annotations:
D:5 Dowan, Pikel


Innate Abilities, Weirdness & Mutations

You are very small and have problems with some larger weapons.
You are too small for most types of armour.
You have supernaturally acute eyesight. (SInv)
You cover ground extremely quickly. (Speed+++)


Message History

The helpless adder fails to defend itself.
You impale the adder!!
You kill the adder!
Dithmenos accepts your kill.
Your Hexes skill increases to level 8!
Okay, then. 2 gnolls come into view.
A gnoll comes into view. It is wielding a +0 halberd.
The gnoll shouts!
The orc shouts!
Things that are here:
a +0 leather armour; a +0 whip; a gnoll skeleton You see here 6 stones.
Found a scroll labelled TEATRUUMIK.
Duvessa, Sister of Dowan comes into view.
She is wielding a +0 short sword.
Dowan, Brother of Duvessa comes into view.
He is wielding a +0 dagger and carrying a wand of light (10).
The helpless Duvessa fails to defend herself.
You impale Duvessa!!
Duvessa looks as sick as possible!
Duvessa is severely wounded.
Duvessa hits you with a +0 short sword!
You hit Duvessa.
Duvessa looks as sick as possible!
Duvessa is severely wounded.
Duvessa misses you.
You hit Duvessa.
Duvessa looks as sick as possible!
Duvessa is almost dead.
Duvessa hits you with a +0 short sword!
You hit Duvessa but do no damage.
Duvessa looks as sick as possible!
Duvessa is almost dead.
Dowan shouts!
Duvessa hits you with a +0 short sword!
* * * LOW HITPOINT WARNING * * *
You kill Duvessa!
Dithmenos accepts your kill.
Dowan's eyes darken. "You have made a black mistake."
Dowan seems to find hidden reserves of power!
Training target 3.0 for Ice Magic reached!
Your Stealth skill increases to level 8!
Your Ice Magic skill increases to level 3!
You have reached level 8!
Dowan zaps a wand.
The bolt of light hits you!
You die...

#.# ##..## . #.#
###..g.# .# #.#
#...##.##.# #e#
#(####....# # #)#
#.# #..### # #.#
#.####..##### ##.#
#.##...###...
#..###.#..#..#..##
#@##...#>###...##
#.##.##..(....##
#....##..###..#
#..####.## ##.#
#..# #.# #......
#?.# #.# #......
#.## ### #......
#.# #...... ###
#......


You could see Dowan (fast).

Vanquished Creatures
  Sigmund (D:5)
  Duvessa (D:5)
  An ogre (D:5)
  2 lemures (D:5)
  A phantom (D:3)
  A scorpion (D:4)
  A bullfrog (D:4)
  A wight (D:4)
  2 jellies
  2 hounds (D:4)
  2 orc priests
  A gnoll bouda (D:5)
  Ijyb (D:5)
  An iguana (D:5)
  4 adders
  2 gnolls
  A shadow imp (D:5)
  An ufetubus (D:5)
  2 worms (D:3)
  2 dart slugs
  25 orcs
  11 ball pythons
  7 endoplasms
  4 giant cockroaches
  8 goblins
  5 hobgoblins
  9 jackals
  3 quokkas
  10 bats
  3 frilled lizards
  13 kobolds
  9 rats
137 creatures vanquished.

Vanquished Creatures (others)
  A dancing weapon (D:5)
1 creature vanquished.

Grand Total: 138 creatures vanquished

Notes
Turn   | Place    | Note
-------+----------+-------------------------------------------
     0 | D:1      | Gumption the Spriggan Enchanter began the quest for the
                  | Orb.
     0 | D:1      | Reached XP level 1. HP: 9/9 MP: 5/5
   221 | D:1      | Reached XP level 2. HP: 13/13 MP: 6/6
   284 | D:1      | Learned a level 2 spell: Ensorcelled Hibernation
  1194 | D:1      | Reached XP level 3. HP: 16/16 MP: 8/8
  1217 | D:1      | Learned a level 3 spell: Confusing Touch
  1221 | D:1      | Learned a level 3 spell: Dazzling Flash
  1403 | D:2      | Reached skill level 5 in Stealth
  1740 | D:2      | Found a bloodstained altar of Trog.
  2018 | D:2      | Found Kadyk's Weapon Emporium.
  2998 | D:3      | Reached XP level 4. HP: 21/21 MP: 5/10
  3364 | D:3      | Reached skill level 5 in Hexes
  4507 | D:4      | Noticed a phantom
  4862 | D:4      | Noticed a bullfrog
  4869 | D:4      | Killed a bullfrog
  4870 | D:4      | Reached skill level 1 in Ice Magic
  4870 | D:4      | Reached XP level 5. HP: 24/24 MP: 11/11
  5203 | D:4      | Reached XP level 6. HP: 28/28 MP: 10/13
  6174 | D:3      | Reached XP level 7. HP: 32/32 MP: 12/15
  6366 | D:5      | Entered Level 5 of the Dungeon
  6529 | D:5      | Learned a level 3 spell: Tukima's Dance
  6639 | D:5      | Noticed Pikel
  6767 | D:5      | Reached skill level 5 in Spellcasting
  7026 | D:5      | Found a broken altar of Ashenzari.
  7038 | D:5      | Found a staircase to the Ecumenical Temple.
  7038 | D:5      | Noticed Sigmund
  7181 | D:5      | Noticed Ijyb
  7184 | D:5      | Killed Ijyb
  7514 | D:5      | Killed Sigmund
  7564 | Temple   | Entered the Ecumenical Temple
  7690 | Temple   | Became a worshipper of Dithmenos the Shadowed
  7840 | D:5      | Noticed Duvessa
  7842 | D:5      | Noticed Dowan
  7851 | D:5      | Killed Duvessa
  7852 | D:5      | Reached XP level 8. HP: 8/36 MP: 18/18
  7852 | D:5      | Killed from afar by Dowan

Illustrated notes

Levels and vault maps discovered:
D:1:      wander_arrival_peaceful_grave, layout_rooms, chequers_jeans,
          grunt_decor_arrowhead
D:2:      layout_loops_ring, serial_shops, nicolae_shop_bloodbath_and_beyond,
          basic_altar, minmay_randomly_rotated_circles
D:3:      layout_loops_ring, columned_hall_lemuel
D:4:      layout_cave_pods, grunt_ministairs_3, minmay_manual_moon
D:5:      layout_rooms, mainiacjoe_overflow_six_doors_small,
          minmay_temple_entry_mini_moons, uniq_ijyb, uniq_pikel, uniq_sigmund,
          uniq_duvessa
Temple:   bh_familiar_temple

Skill      XL: |  1  2  3  4  5  6  7 |
---------------+----------------------+-----
Hexes          | 4 5 6 8 |  8.2
Spellcasting   | 3 4 6 |  6.5
Stealth        | 5 6 8 |  8.0
Ice Magic      | 1 2 3 |  3.0
Short Blades   | |  1.1
Dodging        | |  2.6

Action                     |  1- 3 |  4- 6 |  7- 9 || total
---------------------------+-------+-------+-------++-------
  Melee: Dagger            |   132 |   114 |    54 ||   300
         Punch             |     2 |     3 |       ||     5
  Throw: Dart              |       |     2 |     5 ||     7
         Throwing net      |       |       |     1 ||     1
   Cast: Ensorcelled Hiber |    37 |    55 |    22 ||   114
         Confusing Touch   |       |     2 |     1 ||     3
         Tukima's Dance    |       |       |     2 ||     2
    Use: Scroll            |     1 |     2 |     2 ||     5
   Stab: Sleeping          |    36 |    33 |    25 ||    94
         Distracted        |     1 |       |       ||     1
         Confused          |       |     3 |     1 ||     4
 Armour: Robe              |    33 |    16 |     3 ||    52
  Dodge: Dodged            |   153 |    79 |    18 ||   250
